 Dungeon Crawl Stone Soup version 0.17-a0-1830-g81820eb (webtiles) character file.

17520 esc the Grappler (level 12, -5/100 HPs)
             Began as a Hill Orc Gladiator on Sept 13, 2015.
             Was a Priest of Ashenzari.
             Slain by an eight-headed hydra (13 damage)
             ... on level 2 of the Lair of Beasts.
             The game lasted 00:56:41 (15842 turns).

esc the Grappler (Hill Orc Gladiator)              Turns: 15842, Time: 00:56:41

Health: -5/100     AC: 16    Str: 22    XL:     12   Next: 48%
Magic:  12/12      EV: 19    Int:  8    God:    Ashenzari [***...]
Gold:   696        SH:  0    Dex: 15    Spells: 0 memorised, 11 levels left

rFire  . . .     SeeInvis +       - Unarmed
rCold  . . .     Clarity  +     y - +1 leather armour of Ylulaij {rElec rN+} (curse)
rNeg   + + .     SustAt   .     (no shield)
rPois  +         Gourm    .     b - +1 helmet
rElec  +         Spirit   .     n - +2 cloak (curse)
rCorr  .         Warding  .     I - +2 pair of gloves {Str+3} (curse)
rMut   .         Stasis   .     j - +0 pair of boots
MR     .....                    u - amulet of clarity {Clar, !d}
Stlth  +.........               m - ring of poison resistance (curse) {rPois, !d}
                                e - ring of positive energy {rN+}

@: about to teleport, not resistant to hostile enchantments, very unstealthy
A: no striking features
a: Scrying, Renounce Religion


You were on level 2 of the Lair of Beasts.
You worshipped Ashenzari.
Ashenzari was most pleased with you.
You were not hungry.

You visited 3 branches of the dungeon, and saw 14 of its levels.
You also visited: Sewer.

You collected 696 gold pieces.

Inventory:

Hand weapons
 r - a +0 blowgun
   (You took it off a kobold on level 10 of the Dungeon)
Missiles
 C - 93 poisoned needles
Armour
 b - a +1 helmet (worn)
 j - a +0 pair of boots (worn)
   (You found it on level 2 of the Dungeon)
 n - a cursed +2 cloak (worn)
   (You found it on level 2 of the Dungeon)
 y - the cursed +1 leather armour of Ylulaij (worn) {rElec rN+}
   (You found it on level 5 of the Dungeon)

   It insulates you from electricity.
   It protects you from negative energy.
   It has a curse placed upon it.
 I - a cursed +2 pair of gloves of strength (worn)
   (You acquired it on level 9 of the Dungeon)
Jewellery
 e - a ring of positive energy (left hand) {rN+}
   (You found it on level 1 of the Dungeon)
 m - a cursed ring of poison resistance (right hand) {rPois, !d}
   (You found it on level 2 of the Dungeon)
 u - an amulet of clarity (around neck) {Clar, !d}
   (You found it on level 5 of the Dungeon)
 w - an uncursed amulet of rage {+Rage, !d}
   (You found it on level 4 of the Dungeon)
 P - an uncursed ring of flight {+Fly, !d}
   (You found it on level 10 of the Dungeon)
 U - an uncursed amulet of guardian spirit {Spirit}
   (You took it off an orc on level 11 of the Dungeon)
 V - a cursed ring of teleportation {+/*tele, !d}
   (You found it on level 1 of the Lair of Beasts)
Magical devices
 f - a wand of digging (9)
   (You found it on level 5 of the Dungeon)
 i - a wand of enslavement (9)
   (You found it on level 2 of the Lair of Beasts)
 o - a wand of fireball (0)
   (You took it off Sigmund on level 6 of the Dungeon)
 s - a wand of confusion (7)
   (You found it on level 11 of the Dungeon)
 G - a wand of flame (30)
   (You found it on level 9 of the Dungeon)
Scrolls
 k - a scroll of enchant armour
 x - 3 scrolls of teleportation
 A - 3 scrolls of magic mapping {!r}
 F - 2 scrolls of blinking {!r}
 H - 6 scrolls of identify
 K - a scroll of fog
 Q - 2 scrolls of remove curse
Potions
 c - a potion of lignification {!q}
 h - a potion of curing
 p - 4 potions of magic
 B - a potion of cancellation
 E - 2 potions of resistance
 M - 2 potions of heal wounds
 X - a potion of agility
 Y - 3 potions of haste
Comestibles
 a - 12 fruits
 d - 10 bread rations {@e1}
 g - 5 meat rations {@e2}


   Skills:
 + Level 7.4 Fighting
 - Level 2.0 Throwing
 - Level 11.2 Armour
 + Level 9.6(11.3) Dodging
 + Level 13.3 Unarmed Combat


You had 11 spell levels left.
You didn't know any spells.

Dungeon Overview and Level Annotations

Branches:
Dungeon (11/15)              Lair (2/8) D:8             Orc (1/4) D:9
 Temple: D:4-7

Altars:
Ashenzari
Cheibriados
Dithmenos
Elyvilon
Fedhas
Kikubaaqudgha
Makhleb
Okawaru
Qazlal
Ru
Sif Muna
Trog
Vehumet
Yredelemnul

Shops:
D:7 %

Annotations:
D:9 !big welcoming party in orcs
Lair:2 exclusion: hydra
Orc:1 Nergalle


Message History

This wand has 17 charges left.
Aim: an eight-headed hydra (chance to defeat MR: 15%)
The eight-headed hydra resists with almost no effort.
This wand has 16 charges left.
The steam dragon bites you but does no damage.
The steam dragon closely misses you.
Aim: an eight-headed hydra (chance to defeat MR: 15%)
The eight-headed hydra resists with almost no effort.
This wand has 15 charges left.
The steam dragon closely misses you.
The steam dragon claws you but does no damage.
Aim: an eight-headed hydra (chance to defeat MR: 15%)
The eight-headed hydra resists with almost no effort.
This wand has 14 charges left.
The steam dragon bites you. The steam dragon closely misses you.
You take 6 damage, and have 94/100 hp.
Aim: an eight-headed hydra (chance to defeat MR: 15%)
The eight-headed hydra resists with almost no effort.
This wand has 13 charges left.
The steam dragon bites you but does no damage.
The steam dragon barely misses you. The eight-headed hydra misses you.
The eight-headed hydra bites you but does no damage.
The eight-headed hydra closely misses you.
The eight-headed hydra barely misses you.
The eight-headed hydra misses you.
The eight-headed hydra bites you but does no damage.
The eight-headed hydra bites you!
The eight-headed hydra bites you but does no damage.
You take 11 damage, and have 83/100 hp.
You barely miss the steam dragon.
Aim: an eight-headed hydra (chance to defeat MR: 15%)
The eight-headed hydra resists with almost no effort.
This wand has 12 charges left.
Aim: an eight-headed hydra (chance to defeat MR: 15%)
The eight-headed hydra resists with almost no effort.
This wand has 11 charges left.
The eight-headed hydra bites you but does no damage. x2
The eight-headed hydra bites you.
The eight-headed hydra bites you but does no damage.
The eight-headed hydra closely misses you.
The eight-headed hydra bites you.
The eight-headed hydra closely misses you.
The eight-headed hydra bites you but does no damage.
You take 5 damage, and have 79/100 hp.
Aim: an eight-headed hydra (chance to defeat MR: 15%)
The eight-headed hydra resists with almost no effort.
This wand has 10 charges left.
The eight-headed hydra completely misses you.
The eight-headed hydra closely misses you.
The eight-headed hydra misses you.
The eight-headed hydra bites you but does no damage.
The eight-headed hydra bites you! The eight-headed hydra bites you.
The eight-headed hydra bites you.
The eight-headed hydra bites you but does no damage.
You take 11 damage, and have 68/100 hp.
Aim: an eight-headed hydra (chance to defeat MR: 15%)
The eight-headed hydra resists with almost no effort.
This wand has 9 charges left.
The eight-headed hydra barely misses you.
The eight-headed hydra bites you.
The eight-headed hydra barely misses you.
The eight-headed hydra misses you.
The eight-headed hydra bites you but does no damage.
The eight-headed hydra misses you. x2
The eight-headed hydra completely misses you.
You take 2 damage, and have 66/100 hp.
Aim: an eight-headed hydra (chance to defeat MR: 15%)
The eight-headed hydra resists with almost no effort.
This wand has 8 charges left.
The eight-headed hydra bites you but does no damage.
The eight-headed hydra bites you. The eight-headed hydra misses you.
The eight-headed hydra closely misses you.
The eight-headed hydra bites you but does no damage. x2
The eight-headed hydra completely misses you.
The eight-headed hydra bites you!
You take 14 damage, and have 52/100 hp.
Aim: an eight-headed hydra (chance to defeat MR: 15%)
The eight-headed hydra resists with almost no effort.
This wand has 7 charges left.
The eight-headed hydra bites you.
The eight-headed hydra completely misses you.
The eight-headed hydra bites you! The eight-headed hydra bites you.
The eight-headed hydra bites you but does no damage.
The eight-headed hydra barely misses you.
The eight-headed hydra bites you!
* * * LOW HITPOINT WARNING * * *
The eight-headed hydra bites you!
* * * LOW HITPOINT WARNING * * *
You take 29 damage, and have 23/100 hp.
MASSIVE DAMAGE!!
Read which item? (? for menu, Esc to quit)
As you read the scroll of teleportation, it crumbles to dust.
You feel strangely unstable.
The eight-headed hydra barely misses you.
The eight-headed hydra bites you.
* * * LOW HITPOINT WARNING * * *
The eight-headed hydra bites you but does no damage. x2
The eight-headed hydra barely misses you.
The eight-headed hydra bites you!
* * * LOW HITPOINT WARNING * * *
The eight-headed hydra bites you!
You die...

................#
##..............#*##
##..............##P#
#.P...............#
* #..............###
* ...........#.#
............###
###............# *
#.#....##@.....## *
, #.....#D#......##*
# #....D##........ *
*
#...#...#..........
, #*##.
..........(........
,, #....,
...................
.....,
..................
,, .....,
..................
.....
..................


You could see an eight-headed hydra and a steam dragon.

Vanquished Creatures
  A hydra (Lair:2)
  A queen ant (Lair:1)
  2 hill giants
  2 gargoyles (D:11)
  A spiny frog (Lair:1)
  2 komodo dragons
  3 blink frogs
  Prince Ribbit (D:6)
  A spriggan (D:7)
  2 wraiths
  Sigmund (D:6)
  A deep elf mage (D:9)
  4 yaks
  2 hippogriffs
  A steam dragon (D:10)
  A hungry ghost (D:8)
  Menkaure (D:6)
  A deep elf fighter (D:8)
  3 water moccasins
  20 soldier ants
  A porcupine (Lair:1)
  2 ice beasts
  2 orc warriors (D:10)
  6 necrophages
  3 black bears
  A wasp (D:8)
  3 sky beasts
  5 ogres
  8 centaurs
  2 crocodiles
  2 big kobolds
  16 giant frogs
  21 killer bees
  3 scorpions
  4 wights (D:7)
  A giant frog zombie (D:7)
  9 hounds
  5 crimson imps
  4 orc priests
  7 jellies
  2 giant frog skeletons
  2 centaur skeletons
  Jessica (D:2)
  9 iguanas
  31 worker ants
  15 orc wizards
  7 sheep (Lair:1)
  A hound skeleton (D:5)
  A hound zombie (D:10)
  2 worker ant zombies
  12 adders
  A shadow imp (D:8)
  16 river rats
  2 oozes
  An adder zombie (D:7)
  2 worms (D:5)
  9 giant geckos
  56 orcs
  3 giant cockroaches
  11 hobgoblins
  13 jackals
  24 kobolds
  4 quokkas
  3 ball pythons (Sewer)
  13 bats
  8 giant newts
  9 goblins
  A jackal skeleton (D:9)
  A quokka skeleton (D:4)
  A quokka zombie (D:7)
  15 rats
  A rat zombie (D:7)
  2 plants (Sewer)
435 creatures vanquished.

Vanquished Creatures (collateral kills)
  A komodo dragon (Lair:1)
1 creature vanquished.

Vanquished Creatures (others)
  A bush (D:7)
  8 fungi (D:8)
  6 plants
15 creatures vanquished.

Grand Total: 451 creatures vanquished

Notes
Turn   | Place    | Note
--------------------------------------------------------------
     0 | D:1      | esc the Hill Orc Gladiator began the quest for the Orb.
     0 | D:1      | Reached XP level 1. HP: 18/18 MP: 1/1
   334 | D:1      | Reached XP level 2. HP: 20/25 MP: 2/2
   338 | D:1      | Reached skill level 4 in Unarmed Combat
   876 | D:1      | Reached XP level 3. HP: 30/30 MP: 3/3
  1207 | D:2      | Reached skill level 5 in Unarmed Combat
  1310 | D:2      | Noticed Jessica
  1347 | D:2      | Killed Jessica
  1347 | D:2      | Reached XP level 4. HP: 37/37 MP: 4/4
  1705 | D:3      | Found a shattered altar of Ashenzari.
  1735 | D:3      | Reached skill level 6 in Unarmed Combat
  1735 | D:3      | Reached XP level 5. HP: 34/42 MP: 5/5
  1753 | D:3      | Became a worshipper of Ashenzari the Shackled
  2718 | D:4      | Found a snail-covered altar of Cheibriados.
  2887 | D:5      | Entered Level 5 of the Dungeon
  2890 | D:5      | Found an iron altar of Okawaru.
  2978 | D:5      | Found a glowing drain.
  3004 | Sewer    | Entered a sewer
  3109 | Sewer    | Reached XP level 6. HP: 50/50 MP: 6/6
  3628 | D:5      | Reached skill level 3 in Dodging
  3628 | D:5      | Reached skill level 7 in Unarmed Combat
  3685 | D:5      | Found a sacrificial altar of Ru.
  3732 | D:5      | Reached skill level 1 in Armour
  3749 | D:5      | Noticed a centaur
  3902 | D:5      | Noticed an ice beast
  3902 | D:5      | Noticed a centaur
  3916 | D:5      | Killed a centaur
  3916 | D:5      | Reached XP level 7. HP: 28/56 MP: 7/7
  3931 | D:5      | Killed an ice beast
  3931 | D:5      | Reached skill level 2 in Armour
  4082 | D:5      | Acquired Ashenzari's first power
  4317 | D:5      | Got the cursed leather armour of Ylulaij {rElec rN+}
  4344 | D:5      | Killed a centaur
  4344 | D:5      | Reached skill level 4 in Dodging
  4376 | D:5      | Reached skill level 8 in Unarmed Combat
  4383 | D:5      | Found a bloodstained altar of Trog.
  4400 | D:5      | Noticed a sky beast
  4417 | D:5      | Killed a sky beast
  4417 | D:5      | Reached skill level 3 in Armour
  4486 | D:5      | Reached XP level 8. HP: 52/62 MP: 8/8
  4522 | D:5      | Identified the cursed +1 leather armour of Ylulaij {rElec rN+} (You found it on level 5 of the Dungeon)
  4610 | D:5      | Noticed an ogre
  4618 | D:5      | Killed an ogre
  4773 | D:5      | Found a deep blue altar of Sif Muna.
  4973 | D:6      | Reached skill level 4 in Armour
  5004 | D:6      | Noticed Sigmund
  5167 | D:6      | Noticed Menkaure
  5184 | D:6      | Killed Menkaure
  5205 | D:6      | Killed Sigmund
  5205 | D:6      | Reached skill level 5 in Armour
  5205 | D:6      | Reached skill level 5 in Dodging
  5205 | D:6      | Reached skill level 9 in Unarmed Combat
  5351 | D:6      | Noticed Prince Ribbit
  5357 | D:6      | Found a stormy altar of Qazlal.
  5361 | D:6      | Killed Prince Ribbit
  5361 | D:6      | Reached XP level 9. HP: 68/68 MP: 9/9
  5648 | D:6      | Reached skill level 6 in Armour
  5872 | D:7      | Found a basalt altar of Yredelemnul.
  5993 | D:7      | Found a blossoming altar of Fedhas.
  6066 | D:7      | Reached skill level 6 in Dodging
  6335 | D:7      | Found Lazarr's Food Boutique.
  6373 | D:7      | Reached skill level 10 in Unarmed Combat
  6426 | D:7      | Reached skill level 7 in Armour
  6585 | D:7      | Reached XP level 10. HP: 53/74 MP: 10/10
  6925 | D:8      | Reached skill level 7 in Dodging
  6961 | D:8      | HP: 12/74 [killer bee (9)]
  7208 | D:8      | Acquired Ashenzari's second power
  7232 | D:8      | Found a white marble altar of Elyvilon.
  7299 | D:8      | Found a shadowy altar of Dithmenos.
  7299 | D:8      | Found a burning altar of Makhleb.
  7303 | D:8      | Found a radiant altar of Vehumet.
  7325 | D:8      | Reached skill level 8 in Armour
  7338 | D:9      | HP: 17/74 [killer bee (6)]
  7354 | D:9      | HP: 14/74 [crimson imp (3)]
  7812 | D:9      | Reached skill level 11 in Unarmed Combat
  8086 | D:9      | Identified a scroll of acquirement
  8207 | D:9      | Found a staircase to the Orcish Mines.
  8677 | D:9      | Noticed a hill giant
  8889 | D:10     | Entered Level 10 of the Dungeon
  9120 | D:10     | Reached skill level 9 in Armour
  9338 | D:10     | Noticed a hill giant
  9369 | D:10     | Killed a hill giant
  9369 | D:10     | Reached skill level 8 in Dodging
  9461 | D:10     | Reached XP level 11. HP: 33/80 MP: 11/11
 10019 | D:11     | Reached skill level 12 in Unarmed Combat
 10473 | D:11     | HP: 20/81 [killer bee (8)]
 10723 | D:11     | Reached skill level 3 in Fighting
 11059 | D:11     | Reached skill level 10 in Armour
 11506 | D:8      | Found an ancient bone altar of Kikubaaqudgha.
 11777 | D:8      | Found a staircase to the Lair.
 12029 | D:8      | Reached skill level 4 in Fighting
 12142 | Lair:1   | Entered Level 1 of the Lair of Beasts
 12491 | Lair:1   | Noticed a queen ant
 12863 | Lair:1   | Reached skill level 9 in Dodging
 12877 | Lair:1   | Reached skill level 5 in Fighting
 13287 | Lair:1   | Killed a queen ant
 13287 | Lair:1   | Reached XP level 12. HP: 36/94 MP: 12/12
 13775 | Lair:1   | Reached skill level 6 in Fighting
 13850 | Lair:1   | Reached skill level 11 in Armour
 13881 | Lair:1   | HP: 24/96 [porcupine (4)]
 13886 | Lair:1   | HP: 11/96 [poisoned by a spiny frog]
 13891 | Lair:1   | HP: 7/96 [poisoned by a spiny frog]
 13897 | Lair:1   | HP: 6/96 [poisoned by a spiny frog]
 13902 | Lair:1   | HP: 5/96 [poisoned by a spiny frog]
 13909 | Lair:1   | HP: 5/96 [poisoned by a spiny frog]
 13917 | Lair:1   | HP: 5/96 [poisoned by a spiny frog]
 14314 | Lair:1   | Acquired Ashenzari's third power
 14827 | Orc:1    | Entered Level 1 of the Orcish Mines
 14827 | Orc:1    | Noticed Nergalle
 14888 | D:9      | Reached skill level 13 in Unarmed Combat
 14897 | D:9      | Killed a hill giant
 15227 | Lair:2   | Noticed a seven-headed hydra
 15278 | Lair:2   | Killed a seven-headed hydra
 15278 | Lair:2   | Reached skill level 7 in Fighting
 15414 | Lair:2   | Noticed an eight-headed hydra
 15824 | Lair:2   | Noticed an eight-headed hydra
 15840 | Lair:2   | HP: 23/100 [eight-headed hydra (7)]
 15842 | Lair:2   | HP: 8/100 [eight-headed hydra (15)]
 15842 | Lair:2   | Slain by an eight-headed hydra

Vault maps used:
D:1:      minmay_arrival_hallway
D:2:      uniq_jessica
D:3:      cheibrodos_ashenzari_chains
D:4:      cheibriados_altar_wand_db, minmay_temple_entry_overgrown, first_bread,
          serial_bayou, serial_bayou_pond_c, serial_bayou_crossing,
          serial_bayou_pond_d, serial_bayou_lagoon_a, kennysheep_another_room
D:5:      wad_river_or_something, lemuel_coloured_pillars_altar,
          overflow_temple_1_default, kennysheep_little_box,
          nicolae_ru_sacrificial_ziggurat, gup_sewer_entry_bubbles,
          kennysheep_small_square
D:6:      nicolae_qazlal_style_of_elements, uniq_menkaure, uniq_prince_ribbit1,
          uniq_sigmund
D:7:      fedhas_altar_decomposition, lemuel_crystal_altar, enter_ossuary_4,
          serial_shops, shop, the_bakery
D:8:      old_standard_altar, grunt_dithmenos_smoke, grunt_temple_overflow_open,
          grunt_lair_entry_elf_guard_hut
D:9:      orc_0_dummy
Lair:1:   minivault_29, grunt_megastairs_3
Lair:2:   beast_lair_carwin_9
Orc:1:    serial_shops, shop, nicolae_orc_pool_cavern, uniq_nergalle
Sewer:    sewer_co_scattered_pipes

Action                   |  1- 3 |  4- 6 |  7- 9 | 10-12 || total
-------------------------+-------+-------+-------+-------++-------
Melee: Unarmed           |   135 |   407 |   427 |  1191 ||  2160
 Fire: Blowgun           |       |       |       |     7 ||     7
Throw: Throwing net      |     1 |     2 |       |       ||     3
Evoke: Wand              |       |       |    13 |    31 ||    44
  Use: Scroll            |     3 |    12 |     7 |    15 ||    37
       Potion            |     1 |     1 |     1 |     9 ||    12
 Stab: Confused          |       |       |     6 |     3 ||     9
       Invisible         |       |       |       |     4 ||     4
       Sleeping          |       |       |       |     4 ||     4
       Distracted        |       |       |       |     2 ||     2
  Eat: Chunk             |     1 |    10 |     9 |    24 ||    44
       Pizza             |       |       |       |     3 ||     3
       Meat ration       |       |       |       |     1 ||     1
       Fruit             |       |       |       |     1 ||     1
       Beef jerky        |       |       |       |     1 ||     1

Vault maps used:
D:1:      minmay_arrival_hallway
D:2:      uniq_jessica
D:3:      cheibrodos_ashenzari_chains
D:4:      cheibriados_altar_wand_db, minmay_temple_entry_overgrown, first_bread,
          serial_bayou, serial_bayou_pond_c, serial_bayou_crossing,
          serial_bayou_pond_d, serial_bayou_lagoon_a, kennysheep_another_room
D:5:      wad_river_or_something, lemuel_coloured_pillars_altar,
          overflow_temple_1_default, kennysheep_little_box,
          nicolae_ru_sacrificial_ziggurat, gup_sewer_entry_bubbles,
          kennysheep_small_square
D:6:      nicolae_qazlal_style_of_elements, uniq_menkaure, uniq_prince_ribbit1,
          uniq_sigmund
D:7:      fedhas_altar_decomposition, lemuel_crystal_altar, enter_ossuary_4,
          serial_shops, shop, the_bakery
D:8:      old_standard_altar, grunt_dithmenos_smoke, grunt_temple_overflow_open,
          grunt_lair_entry_elf_guard_hut
D:9:      orc_0_dummy
Lair:1:   minivault_29, grunt_megastairs_3
Lair:2:   beast_lair_carwin_9
Orc:1:    serial_shops, shop, nicolae_orc_pool_cavern, uniq_nergalle
Sewer:    sewer_co_scattered_pipes

Table legend:
 A = Turns spent in this place as a percentage of turns spent in the entire game.
 B = Non-inter-level travel turns spent in this place as a percentage of non-inter-level travel turns spent in the entire game.
 C = Inter-level travel turns spent in this place as a percentage of turns spent in this place.
 D = Turns resting spent in this place as a percentage of non-inter-level travel turns spent in this place.
 E = Turns spent auto-exploring this place as a percentage of non-inter-level travel turns spent in this place.
 F = Non-inter-level travel turns spent in this place divided by the number of levels of this place that you've seen.
                   A       B       C       D       E      F
               +-------+-------+-------+-------+-------+----------------------
         Total | 100.0 | 100.0 |   0.5 |   1.6 |   6.2 | 358.7
       Dungeon |  80.1 |  80.1 |   0.5 |   1.4 |   6.8 | 391.7
          Lair |  16.8 |  16.8 |   0.4 |   2.8 |   3.8 | 451.0
  Orcish Mines |   0.0 |   0.0 |   0.0 |   0.0 |   0.0 |   1.0
         Sewer |   3.1 |   3.1 |   0.0 |   1.2 |   4.1 | 169.0
               +-------+-------+-------+-------+-------+----------------------

Table legend:
 A = Kills in this place as a percentage of kills in entire the game.
 B = Kills by you in this place as a percentage of kills by you in the entire game.
 C = Kills by friends in this place as a percentage of kills by friends in the entire game.
 D = Other kills in this place as a percentage of other kills in the entire game.
 E = Experience gained in this place as a percentage of experience gained in the entire game.
 F = Experience gained in this place divided by the number of levels of this place that you have seen.
                   A       B       C       D       E      F
               +-------+-------+-------+-------+-------+----------------------
         Total | 100.0 | 100.0 | 100.0 |  -nan | 100.0 | 1668.6
       Dungeon |  78.8 |  79.0 |   0.0 |  -nan |  63.5 | 1445.8
          Lair |  18.2 |  18.0 | 100.0 |  -nan |  36.3 | 4547.5
         Sewer |   3.0 |   3.0 |   0.0 |  -nan |   0.1 |  30.0
               +-------+-------+-------+-------+-------+----------------------
